 Dungeon Crawl Stone Soup version 0.29.1-15-g9cfb28693d (webtiles) character file.

Game seed: 11583717118703923017

2911 growler the Martial Artist (level 9, -11/81 HPs)
             Began as a Merfolk Transmuter on Mar 14, 2023.
             Was an Initiate of Wu Jian.
             Killed from afar by a gnoll (15 damage)
             ... with a puff of flame
             ... led by a gnoll sergeant
             ... on level 7 of the Dungeon.
             The game lasted 00:17:24 (7993 turns).

growler the Martial Artist (Merfolk Transmuter)     Turns: 7993, Time: 00:17:24

Health: -11/81     AC:  7    Str: 10    XL:     9   Next: 78%
Magic:  13/15      EV: 10    Int: 14    God:    Wu Jian [......]
Gold:   170        SH:  0    Dex: 17    Spells: 6/16 levels left

rFire   x . .      SeeInvis .     - Unarmed
rCold   + + +      Faith    .   (shield currently unavailable)
rNeg    . . .      Spirit   .   (body armour currently unavailable)
rPois   +          Reflect  .   (helmet currently unavailable)
rElec   .          Harm     .   (cloak currently unavailable)
rCorr   .          Rampage  .   (gloves currently unavailable)
Will    .....                   (boots currently unavailable)
Stlth   ++........              (no amulet)
HPRegen 0.23/turn               (no ring)
MPRegen 0.14/turn               (no ring)

@: lethally poisoned (-11 -> -14), ice-form
A: freezing attack, boosted hp, large, (nimble swimmer 2), (mertail)
a: End Transformation, Renounce Religion


You were on level 7 of the Dungeon.
You worshipped Wu Jian.
Wu Jian was noncommittal.
You were a creature of crystalline ice.
You visited 2 branches of the dungeon, and saw 8 of its levels.
You also visited: Ossuary.

You collected 368 gold pieces.
You spent 198 gold pieces at shops.

Inventory:

Missiles
 c - 16 poisoned darts
Armour
 g - a +0 pair of boots (melded)
 k - a +0 pair of gloves (melded)
 w - a +0 cloak (melded)
 y - a +2 robe of fire resistance (melded)
 K - a +1 helmet of see invisible (melded)
Jewellery
 p - a ring of wizardry
 s - a +4 ring of evasion
Wands
 j - a wand of polymorph (5)
 r - a wand of digging (5)
 x - a wand of flame (17)
 z - a wand of roots (12)
 I - a wand of charming (15)
Scrolls
 a - a scroll of amnesia {unknown}
 b - a scroll of identify
 f - 2 scrolls of teleportation
 i - a scroll of magic mapping {unknown}
 m - a scroll of enchant armour {unknown}
 n - a scroll of poison {unknown}
 t - 2 scrolls of vulnerability
 v - 5 scrolls of fog
 A - 2 scrolls of enchant weapon {unknown}
 F - a scroll of summoning {unknown}
 G - a scroll of fear {unknown}
Potions
 d - 2 potions of curing {unknown}
 e - a potion of mutation {unknown}
 h - 2 potions of brilliance
 l - a potion of flight
 o - a potion of cancellation
 q - 2 potions of degeneration
 u - a potion of ambrosia
 B - a potion of heal wounds {unknown}
 C - a potion of attraction {unknown}
 D - 2 potions of invisibility {unknown}
 E - 2 potions of haste {unknown}
 H - a potion of magic {unknown}
 J - a potion of might {unknown}


   Skills:
 + Level 5.3 Fighting
 - Level 2.6 Dodging
 + Level 11.2 Unarmed Combat
 - Level 4.0 Spellcasting
 - Level 6.0 Transmutations
 - Level 5.0 Ice Magic


You had 6 spell levels left.
You knew the following spells:

 Your Spells              Type           Power      Damage    Failure   Level
a - Beastly Appendage     Tmut           38%        N/A       1%          1
b - Wereblood             Tmut           19%        N/A       2%          2
c - Spider Form           Tmut/Pois      11%        N/A       17%         3
d - Ice Form              Ice/Tmut       18%        N/A       21%         4

Your spell library contained the following spells:

 Spells                   Type           Power      Damage    Failure   Level
 Ozocubu's Armour         Ice            16%        N/A       8%          3
 Passwall                 Tmut/Erth      9%         N/A       9%          2
 Foxfire                  Conj/Fire      8%         2x1d4     19%         1
 Sandblast                Erth           4%         2d4       19%         1
 Conjure Flame            Conj/Fire      2%         6-21      50%         3
 Inner Flame              Hex/Fire       2%         N/A       50%         3
 Stone Arrow              Conj/Erth      4%         3d7       50%         3
 Flame Wave               Conj/Fire      2%         2d4       88%         4
 Metabolic Englaciation   Hex/Ice        4%         N/A       88%         5
 Simulacrum               Ice/Necr       4%         N/A       100%        6


Dungeon Overview and Level Annotations

Branches:
Dungeon (7/15)             Temple (1/1) D:6         Ossuary (visited)

Altars:
Ashenzari
Cheibriados
Fedhas
Hepliaklqana
Kikubaaqudgha
Makhleb
Nemelex Xobeh
Okawaru
Qazlal
Sif Muna
Trog
Uskayaw
Vehumet
Wu Jian
Yredelemnul
Zin
The Shining One

Shops:
D:6 [[((


Innate Abilities, Weirdness & Mutations

You are a creature of crystalline ice.
You have a powerful freezing melee attack.
Your maximum health is increased.
Your armour is entirely melded.
You are incapable of wielding weapons or throwing items.
((You are very nimble when in or above water. (Stealth+, EV+, Speed+++)))
((Your lower body shifts to a powerful aquatic tail in water.))


Message History

The centaur shouts!
You pummel the hornet!! You freeze the hornet.
You kill the hornet!
The Council accepts your kill.
You feel sick.
You hear a shout!
The centaur wields a +0 shortbow.
The centaur shoots an arrow.
The arrow hits you.
* * * LOW HITPOINT WARNING * * *
Your Fighting skill increases to level 5!
Unknown command.
You feel sick.
The centaur shoots an arrow.
The arrow hits you.
* * * LOW HITPOINT WARNING * * *
Unknown command.
A gnoll comes into view.
It is wielding a +0 spear and carrying a wand of flame (12).
You feel sick.
The gnoll shouts!
The centaur shoots an arrow.
The arrow hits you.
* * * LOW HITPOINT WARNING * * *
A gnoll comes into view. It is wielding a +0 club.
The centaur shoots an arrow.
The arrow closely misses you.
The gnoll moves out of view.
A gnoll comes into view. It is wielding a +0 flail.
You lunge at the centaur.
You hit the centaur but do no damage.
* * * LOW HITPOINT WARNING * * *
You feel sick.
The centaur unwields a +0 shortbow.
The centaur hits you but does no damage.
The centaur kicks you but does no damage.
Unknown command.
You pummel the centaur!! You freeze the centaur.
You kill the centaur!
The Council accepts your kill.
* * * LOW HITPOINT WARNING * * *
You feel sick.
Training target 5.0 for Ice Magic reached!
Your Ice Magic skill increases to level 5!
* * * LOW HITPOINT WARNING * * *
You feel sick.
The gnoll zaps a wand.
The puff of flame hits you! The fire burns you terribly!
You die...

.. # #..#.
...####### ...#...
...####.#.##
...........##
#######.#...###
#.#.#...####
########.#......Y<#
.........#........#
........##......).#
#######.##........#
######.##.####g.##
#.........#


gg.. #.........# ..... #.........# #.....# ######.##.# #.....# You could see 3
gnolls.

Vanquished Creatures
  Pikel (D:4)
  A hornet (D:7)
  An acid dragon (D:7)
  2 black bears
  A centaur (D:7)
  A lemure (D:4)
  A kobold brigand (D:5)
  A gnoll sergeant (D:6)
  3 bullfrogs
  A scorpion (D:6)
  A necrophage (D:5)
  11 killer bees (D:7)
  3 centaur zombies (Ossuary)
  2 jellies
  3 orc priests
  A gnoll bouda (D:7)
  4 hounds
  4 iguanas
  Jessica (D:2)
  4 orc wizards
  Ijyb (D:4)
  6 mummies (Ossuary)
  11 gnolls
  6 adders
  A shadow imp (D:6)
  3 dart slugs
  A worm (D:4)
  10 orcs
  6 ball pythons
  9 bats
  8 endoplasms
  5 giant cockroaches
  8 hobgoblins
  3 jackals (D:4)
  14 kobolds
  6 quokkas
  2 frilled lizards
  10 goblins
  6 hobgoblin zombies (Ossuary)
  6 rats
169 creatures vanquished.

Notes
Turn   | Place    | Note
-------+----------+-------------------------------------------
     0 | D:1      | growler the Merfolk Transmuter began the quest for the Orb.
     0 | D:1      | Reached XP level 1. HP: 15/15 MP: 3/3
   213 | D:1      | Reached XP level 2. HP: 21/21 MP: 5/5
   216 | D:1      | Learned a level 2 spell: Wereblood
   376 | D:1      | Found a faded altar of an unknown god.
   929 | D:1      | Reached XP level 3. HP: 26/26 MP: 4/6
   934 | D:1      | Learned a level 3 spell: Spider Form
  1181 | D:2      | Noticed Jessica
  1195 | D:2      | Killed Jessica
  1196 | D:2      | Reached skill level 4 in Unarmed Combat
  1196 | D:2      | Reached XP level 4. HP: 24/32 MP: 4/8
  1659 | D:2      | Identified the +2 hand axe of Profit {vorpal, Int+3}
  2828 | D:3      | Reached XP level 5. HP: 26/37 MP: 4/9
  2833 | D:3      | Learned a level 4 spell: Ice Form
  3332 | D:4      | Reached skill level 5 in Unarmed Combat
  3760 | D:4      | Noticed a lemure
  3784 | D:4      | Killed a lemure
  3798 | D:4      | Noticed Pikel
  3799 | D:4      | Noticed a lemure
  3803 | D:4      | Noticed a lemure
  3816 | D:4      | Killed Pikel
  3817 | D:4      | Reached skill level 8 in Unarmed Combat
  3817 | D:4      | Reached XP level 6. HP: 17/43 MP: 5/10
  3817 | D:4      | Reached XP level 7. HP: 19/48 MP: 5/11
  4143 | D:4      | Identified the +9 dagger "Undertaker" {holy, rPois Dex-4
                  | SInv}
  4199 | D:4      | Noticed Ijyb
  4229 | D:4      | Killed Ijyb
  4511 | D:4      | Reached skill level 9 in Unarmed Combat
  4626 | D:5      | Entered Level 5 of the Dungeon
  4765 | D:5      | Reached XP level 8. HP: 51/54 MP: 8/12
  5186 | D:5      | Reached skill level 10 in Unarmed Combat
  5241 | D:5      | Found a shimmering blue altar of Sif Muna.
  5359 | D:5      | Reached skill level 1 in Ice Magic
  5606 | D:6      | Found Vauv Moiso's Armour Shoppe.
  5691 | D:6      | Found a sand-covered staircase.
  5705 | Ossuary  | Entered an ossuary
  6184 | D:6      | Reached skill level 5 in Transmutations
  6198 | D:6      | Identified the +10 spear "Posutunk" {flame, rCorr}
  6362 | D:6      | Reached XP level 9. HP: 63/63 MP: 10/14
  6459 | D:6      | Found a staircase to the Ecumenical Temple.
  6464 | Temple   | Entered the Ecumenical Temple
  6515 | Temple   | Became a worshipper of the Wu Jian Council
  6869 | D:6      | Found Darumuf's Weapon Shop.
  7000 | D:6      | Found Plog's Antique Weapon Shop.
  7149 | D:6      | Found Lamizo's Armour Shop.
  7152 | D:6      | Bought a +1 helmet of see invisible for 198 gold pieces
  7781 | D:7      | Reached skill level 11 in Unarmed Combat
  7974 | D:7      | Noticed a hornet
  7980 | D:7      | Paralysed by a hornet for 3 turns
  7988 | D:7      | Killed a hornet
  7989 | D:7      | Reached skill level 5 in Fighting
  7993 | D:7      | Reached skill level 5 in Ice Magic
  7993 | D:7      | HP: 4/81 [poisoned by a hornet]
  7993 | D:7      | Killed from afar by a gnoll

Illustrated notes

Levels and vault maps discovered:
D:1:      lightli_arrival_maybe_door_vault, layout_rooms,
          hellmonk_ecumenical_altar_blasted
D:2:      layout_basic, chequers_mini_garden, nicolae_eternal_life, uniq_jessica
D:3:      layout_basic
D:4:      layout_rooms, uniq_ijyb, uniq_pikel
D:5:      layout_loops_cross, mainiacjoe_overflow_chevrons, item_on_display_a
D:6:      layout_gridville, temple_statues, serial_shops, shop,
          nicolae_inconvenience_store, shop, nicolae_shop_behind_doors,
          enter_ossuary_1, serial_bayou_lagoon_a
D:7:      layout_basic, minmay_misc_feat_hallway
Temple:   nicolae_temple_bog_church

Skill      XL: |  1  2  3  4  5  6  7  8  9 |
---------------+----------------------------+-----
Transmutations | 3 4 5 6 |  6.0
Unarmed Combat | 4 8 9 10 11 | 11.2
Spellcasting   | 3 4 |  4.0
Ice Magic      | 2 5 |  5.0
Fighting       | 3 5 |  5.3
Dodging        | |  2.6

Action                   |  1- 3 |  4- 6 |  7- 9 || total
-------------------------+-------+-------+-------++-------
Melee: Unarmed           |    82 |   164 |   280 ||   526
       Headbutt          |     8 |    17 |    18 ||    43
       Punch             |     2 |     2 |    10 ||    14
 Cast: Beastly Appendage |    14 |    22 |    20 ||    56
       Wereblood         |     2 |     3 |     8 ||    13
       Spider Form       |       |     4 |    13 ||    17
       Ice Form          |       |       |     1 ||     1
Invok: Lunge             |       |       |     5 ||     5
  Use: Scroll            |       |       |     7 ||     7
       Potion            |       |       |     1 ||     1
 Stab: Sleeping          |     1 |       |     1 ||     2
Armor: Robe              |    22 |    30 |    34 ||    86
       Skin              |       |       |    72 ||    72
Dodge: Dodged            |    60 |   106 |   166 ||   332
